 Dungeon Crawl Stone Soup version 0.31-a0-691-g409c26aa35 (webtiles) character file.

Game seed: 17425528165420661130

75 LeprechaunX the Changeling (level 4, 0/29 HPs)
             Began as an Octopode Shapeshifter on Sept 6, 2023.
             Killed from afar by Natasha (7 damage)
             ... with a magic dart
             ... on level 2 of the Dungeon.
             The game lasted 00:01:09 (802 turns).

LeprechaunX the Changeling (Octopode Shapeshifter)   Turns: 802, Time: 00:01:09

Health: 0/29       AC:  1    Str: 15    XL:     4   Next: 31%
Magic:  4/4        EV: 13    Int: 12    God:
Gold:   53         SH:  0    Dex: 11    Spells: 3/3 levels left

rFire   . .          .
                       - Unarmed
rCold   . . .        (no shield)
rNeg    . . .        (helmet currently unavailable)
rPois   .            (no amulet)
rElec   .            (no ring)
rCorr   .            (no ring)
SInv    .            (no ring)
Will    .....        (no ring)
Stlth   ++           (no ring)
HPRegen 0.24/turn    (no ring)
MPRegen 0.09/turn    (no ring)
                     (no ring)

%: no passive effects
@: beast-form, slowed, very slow
A: beast (slay +2), almost no armour, amphibious, 8 rings, camouflage 1,
gelatinous body 1, (nimble swimmer 1), tentacles
a: Begin Untransformation


You were on level 2 of the Dungeon.
You were a hulking beast.
You visited 1 branch of the dungeon, and saw 2 of its levels.

You collected 53 gold pieces.

Inventory:

Talismans
 b - a beast talisman (active)
 c - a flux talisman
Scrolls
 d - 2 scrolls of identify {unknown}
 e - a scroll of teleportation {unknown}
 f - a scroll of amnesia {unknown}
 g - a scroll of enchant weapon {unknown}
Potions
 a - a potion of lignification


   Skills:
 + Level 1.9 Fighting
 + Level 2.6 Dodging
 + Level 3.4 Unarmed Combat
 * Level 3.8 Shapeshifting


You had 3 spell levels left.
You didn't know any spells.
Your spell library contained the following spells:

 Spells                   Type           Power      Damage    Failure   Level
 Scorch                   Fire           0%         2d5       45%         2
 Flame Wave               Conj/Fire      0%         2d4       97%         4
 Summon Cactus Giant      Summ           0%         N/A       100%        6


Dungeon Overview and Level Annotations

Branches:
Dungeon (2/15)

Altars:

Annotations:
D:2 Natasha, Terence


Innate Abilities, Weirdness & Mutations

You are a hulking beast.
Your limbs bulge with bestial killing power. (Slay +2)
You cannot wear most types of armour.
You are amphibious.
You can wear up to eight rings at the same time.
Your skin changes colour to match your surroundings (Stealth+).
Your rubbery body absorbs attacks. (AC +1, EV +1)
((You are camouflaged when in or above water. (Stealth+)))
You have tentacles for arms and can constrict up to eight enemies at once.


Message History

You are too injured to fight recklessly!
You are too injured to fight recklessly!
You are too injured to fight recklessly!
You are too injured to fight recklessly!
You are too injured to fight recklessly!
You are too injured to fight recklessly!
You are too injured to fight recklessly!
You are too injured to fight recklessly!
You are too injured to fight recklessly!
You are too injured to fight recklessly!
You are too injured to fight recklessly!
Unknown command.
You are too injured to fight recklessly!
You are too injured to fight recklessly!
You are too injured to fight recklessly!
You are too injured to fight recklessly!
You release your grip on Natasha.
Natasha attacks as she pursues you! Natasha claws you!
* * * LOW HITPOINT WARNING * * *
There is a stone staircase leading up here.
Natasha howls an incantation.
Natasha's front paws start to glow.
Natasha stares at you and mumbles some strange words.
You resist with some effort. Natasha attacks as she pursues you!
Natasha misses you.
Natasha casts a spell.
Natasha casts a spell at you. You resist with some effort.
The cerulean imp shouts!
Natasha stares at you and mumbles some strange words.
You feel yourself slow down.
Things that are here:
a +0 club; a +0 sling Natasha casts a spell at you.
You resist with some effort.
Natasha casts a spell.
Natasha casts a spell at you. The magic dart hits you!
You die...
Natasha curls up and begins to purr.

##...#....
##.........
#..>....#.## #..
#.......#..######..
#.......#>...##.#.#
#.....##.......#.##
##....).h..?..#....#
#.<.....#.@.........
#..h.5.5#.@..).#)###
#.......#....#.#.##
##.....##......)..##
##...###.....#..<..
##### #####...###.
##..# . #..# @ .....
. ###.##.#


You could see Natasha and 2 cerulean imps.

Vanquished Creatures
  Natasha (D:2)
  Robin (D:2)
  A dart slug (D:1)
  3 bats (D:1)
  2 endoplasms (D:1)
  2 giant cockroaches
  12 goblins
  3 hobgoblins
  3 kobolds (D:1)
  A quokka (D:1)
  3 frilled lizards
  4 rats (D:1)
36 creatures vanquished.

Notes
Turn   | Place    | Note
-------+----------+-------------------------------------------
     0 | D:1      | LeprechaunX the Octopode Shapeshifter began the quest for
                  | the Orb.
     0 | D:1      | Reached XP level 1. HP: 13/13 MP: 1/1
   146 | D:1      | Reached XP level 2. HP: 12/18 MP: 2/2
   298 | D:1      | Reached XP level 3. HP: 21/23 MP: 3/3
   491 | D:1      | Found a faded altar of an unknown god.
   610 | D:2      | Noticed Natasha
   615 | D:2      | Killed Natasha
   621 | D:2      | Noticed Robin
   638 | D:2      | Reached XP level 4. HP: 18/29 MP: 4/4
   649 | D:2      | Killed Robin
   774 | D:2      | Noticed Natasha
   785 | D:2      | Noticed Terence
   802 | D:2      | Killed from afar by Natasha

Illustrated notes

Levels and vault maps discovered:
D:1:      denvon_arrival_waterhouse, layout_rooms,
          dilly_ecumenical_altar_fadedgnrine
D:2:      minmay_chambers_of_twos, layout_rooms, uniq_natasha, uniq_terence,
          uniq_robin

Action                     |  1- 3 |  4- 6 || total
---------------------------+-------+-------++-------
  Melee: Unarmed           |    50 |    13 ||    63
         Constrict         |    12 |     4 ||    16
         Tentacles         |    11 |     4 ||    15
         Punch             |     3 |       ||     3
   Stab: Sleeping          |     3 |       ||     3
 Armour: Skin              |    20 |    12 ||    32
  Dodge: Dodged            |    27 |     8 ||    35

Table legend: (Time is in decaauts)
 A = Elapsed time spent in this place.
 B = Non-inter-level travel time spent in this place.
 C = Inter-level travel time spent in this place.
 D = Time resting spent in this place.
 E = Time spent auto-exploring this place.
 F = Levels seen in this place.
 G = Mean time per level.
                   A        B        C        D        E       F      G
               +--------+--------+--------+--------+--------+-----+--------+
         Total |    799 |    779 |     20 |     99 |    492 |   2 |  399.5 |
       Dungeon |    799 |    779 |     20 |     99 |    492 |   2 |  399.5 |
               +--------+--------+--------+--------+--------+-----+--------+

Top non-repeatable levels by time:
     D:1: 608 daAuts
     D:2: 191 daAuts
